 Dungeon Crawl Stone Soup version 0.19.0-9-gfd783f2 (webtiles) character file.

142 mistymad the Ruffian (level 5, -2/44 HPs)
             Began as a Naga Transmuter on Nov 7, 2016.
             Killed by divine providence
             ... invoked by an orc priest
              (11 damage)
             ... on level 4 of the Dungeon.
             The game lasted 00:09:05 (2965 turns).

mistymad the Ruffian (Naga Transmuter)              Turns: 2965, Time: 00:09:07

Health: -2/44      AC:  2    Str: 12    XL:     5   Next: 25%
Magic:  3/9        EV: 19    Int: 15    God:
Gold:   136        SH:  0    Dex: 16    Spells: 3 memorised, 4 levels left

rFire  . . .     SeeInvis +       - Unarmed
rCold  . . .     Gourm    .     (armour currently unavailable)
rNeg   . . .     Faith    .     (shield currently unavailable)
rPois  x         Spirit   .     (helmet currently unavailable)
rElec  .         Reflect  .     (cloak currently unavailable)
rCorr  .         Harm     .     (gloves currently unavailable)
MR     .....                    (no barding)
Stlth  +.........               (no amulet)
                                (no ring)
                                s - ring of wizardry

@: spider-form
A: see invisible, (deformed body), (poison resistance), (slowness 0), slow
metabolism 1, spit poison 1, AC +1
a: Spit Poison, End Transformation


You were on level 4 of the Dungeon.
You were hungry.
You were a venomous arachnid creature.
You visited 1 branch of the dungeon, and saw 4 of its levels.

You collected 136 gold pieces.

Inventory:

Missiles
 a - 27 arrows
Armour
 b - a +0 robe (melded)
 h - a +0 helmet (melded)
 v - a +0 pair of gloves (melded)
Jewellery
 s - a ring of wizardry (left front leg)
Scrolls
 j - 4 scrolls of remove curse
 l - a scroll of teleportation {unknown}
 q - a scroll of fear {unknown}
 r - a scroll of amnesia {unknown}
 u - a scroll of magic mapping {unknown}
Potions
 e - a potion of resistance
 i - 2 potions of lignification
 k - a potion of might
 m - a potion of invisibility {unknown}
 n - a potion of cancellation {unknown}
 o - 2 potions of heal wounds {unknown}
 p - 2 potions of curing {unknown}
Books
 c - a book of Changes

   Spells                             Type                      Level
   a - Beastly Appendage              Transmutation                1
   b - Sticks to Snakes               Transmutation                2
   c - Spider Form                    Transmutation/Poison         3
   d - Ice Form                       Ice/Transmutation            4
   e - Blade Hands                    Transmutation                5
Comestibles
 d - 2 bread rations
 f - a beef jerky
 g - a chunk of flesh
 t - a royal jelly


   Skills:
 - Level 1.0 Fighting
 - Level 1.5 Dodging
 + Level 4.0 Unarmed Combat
 + Level 3.3 Spellcasting
 + Level 3.4 Transmutations


You had 4 spell levels left.
You knew the following spells:

 Your Spells              Type           Power        Failure   Level  Hunger
a - Beastly Appendage     Tmut           ##....       7%          1    #......
b - Sticks to Snakes      Tmut           ##......     10%         2    ##.....
c - Spider Form           Tmut/Pois      #.........   24%         3    ###....


Dungeon Overview and Level Annotations

Branches:
Dungeon (4/15)
 Temple: D:4-7

Altars:
Hepliaklqana


Innate Abilities, Weirdness & Mutations

You cannot wear boots.
((Your serpentine skin is tough. (AC +1)))
You have supernaturally acute eyesight. (SInv)
((Armour fits poorly on your strangely shaped body.))
((Your system is resistant to poisons. (rPois)))
((You cover ground very slowly.))
You have a slow metabolism.
You can spit poison.


Message History

Your +0 helmet melds into your body.
Your +0 pair of gloves melds into your body.
Your +0 robe melds into your body.
The orc completely misses you. The orc priest closely misses you.
The orc completely misses you.
You now have 3/9 mp.
You hit the orc priest but do no damage.
The orc priest looks as sick as possible!
The orc priest is heavily wounded.
The orc hits you with a flail.
* * * LOW HITPOINT WARNING * * *
The orc priest hits you with a club.
* * * LOW HITPOINT WARNING * * *
You take 5 damage, and have 9/44 hp.
You hit the orc priest but do no damage.
The orc priest looks as sick as possible!
The orc priest is heavily wounded.
The orc barely misses you. The orc hits you but does no damage.
The orc priest calls down the wrath of Beogh upon you.
Beogh smites you!
You die...

###.##.##..###########
###. #.##..###########
..[......#.............
####.#####.############
...........# #......
####...)#### .......
..)........# .....##
#####...)##.# ..(.
..<....s).# # ...
.##.#.ooo.# .. ..
#...$.# . # #.###.# #.
$. #. ... # .... ...#


You could see an orc priest and 2 orcs.

Vanquished Creatures
  An orc wizard (D:4)
  A gnoll (D:1)
  An adder (D:2)
  A worm (D:2)
  3 dart slugs
  A leopard gecko (D:1)
  9 orcs
  2 ball pythons (D:1)
  18 bats
  7 hobgoblins
  4 jackals
  A quokka (D:2)
  3 frilled lizards
  5 goblins
  9 kobolds
  10 rats
76 creatures vanquished.

Notes
Turn   | Place    | Note
-------+----------+-------------------------------------------
     0 | D:1      | mistymad the Naga Transmuter began the quest for the Orb.
     0 | D:1      | Reached XP level 1. HP: 18/18 MP: 3/3
    84 | D:1      | Reached XP level 2. HP: 11/25 MP: 5/5
   597 | D:1      | Reached XP level 3. HP: 15/31 MP: 4/6
   641 | D:1      | Learned a level 2 spell: Sticks to Snakes
   645 | D:1      | Learned a level 3 spell: Spider Form
  1191 | D:2      | Reached XP level 4. HP: 35/38 MP: 0/8
  1539 | D:2      | Found a hazy altar of Hepliaklqana.
  2957 | D:4      | Reached skill level 4 in Unarmed Combat
  2957 | D:4      | Reached XP level 5. HP: 44/44 MP: 5/9
  2965 | D:4      | Killed from afar by an orc priest

Skill      XL: |  1  2  3  4 |
---------------+-------------+-----
Transmutations | 3 |  3.4
Spellcasting   | 3 |  3.3
Unarmed Combat | 4 |  4.0
Fighting       | |  1.0
Dodging        | |  1.5

Action                   |  1- 3 |  4- 6 || total
-------------------------+-------+-------++-------
Melee: Unarmed           |   105 |    89 ||   194
       Headbutt          |     3 |       ||     3
 Cast: Beastly Appendage |    10 |       ||    10
       Spider Form       |     4 |    20 ||    24
 Abil: Spit Poison       |    17 |     3 ||    20
  Use: Scroll            |       |     5 ||     5
  Eat: Chunk             |     2 |     7 ||     9
Armor: Robe              |    28 |     6 ||    34
       Skin              |     5 |    14 ||    19
Dodge: Dodged            |   105 |    94 ||   199
